 Dungeon Crawl Stone Soup version 0.19.0-9-gfd783f2 (webtiles) character file.

43397 Chiseanne the Nimble (level 13, -5/86 HPs)
             Began as a High Elf Artificer on Nov 7, 2016.
             Was a High Priest of Vehumet.
             Killed by an exploding ball lightning (6 damage)
             ... created by the player character
             ... on level 6 of the Lair of Beasts.
             The game lasted 01:50:36 (24740 turns).

Chiseanne the Nimble (High Elf Artificer)          Turns: 24740, Time: 01:50:37

Health: -5/86      AC: 11    Str: 11    XL:     13   Next: 90%
Magic:  5/29       EV: 20    Int: 32    God:    Vehumet [*****.]
Gold:   1067       SH: 11    Dex: 16    Spells: 8 memorised, 5 levels left

rFire  + . .     SeeInvis +     a - staff of air
rCold  + . .     Gourm    .     g - +2 robe {rC+}
rNeg   . . .     Faith    .     O - +0 shield {reflect} {Donald}
rPois  .         Spirit   .     b - +0 helmet {Int+3}
rElec  +         Reflect  +     y - +2 cloak of Gluttony {MR+ Int+4 SInv}
rCorr  .         Harm     +     (no gloves)
MR     ++...                    P - +2 pair of boots {Fly}
Stlth  ++........               G - amulet of harm
                                Y - +4 ring of intelligence
                                M - ring of protection from fire

@: flying
A: no striking features
a: Renounce Religion, Stop Flying


You were on level 6 of the Lair of Beasts.
You worshipped Vehumet.
Vehumet was extremely pleased with you.
You were very hungry.

You visited 4 branches of the dungeon, and saw 22 of its levels.

You collected 2710 gold pieces.
You spent 1643 gold pieces at shops.

Inventory:

Hand Weapons
 e - the +2 hunting sling "Cyffyp" {velocity, rElec rPois SInv}
   (You bought it in a shop on level 12 of the Dungeon)

   Any stone fired from it inflicts extra damage.
   It insulates you from electricity.
   It protects you from poison.
   It lets you see invisible.
 w - a +3 blowgun
Missiles
 j - 2 curare-tipped needles
 n - 195 sling bullets
Armour
 b - a +0 helmet of intelligence (worn)
 d - the +0 helmet of Ylaoryc {rPois}
   (You bought it in a shop on level 2 of the Orcish Mines)

   It protects you from poison.
 g - a +2 robe of cold resistance (worn)
 v - the +3 buckler of Thank Me Later {rF+ Slay+2}
   (You acquired it on level 3 of the Lair of Beasts)

   It affects your accuracy and damage with ranged weapons and melee attacks
   (+2).
   It protects you from fire.
 x - a +0 troll leather armour
 y - the +2 cloak of Gluttony (worn) {MR+ Int+4 SInv}
   (You bought it in a shop on level 12 of the Dungeon)

   It affects your intelligence (+4).
   It affects your resistance to hostile enchantments.
   It lets you see invisible.
 O - a +0 shield of reflection (worn) {Donald}
 P - a +2 pair of boots of flying (worn)
Magical Staves
 a - an uncursed staff of air (weapon)
 V - an uncursed staff of cold
Rods
 q - a +2 rod of clouds (9/9)
   (You took it off an orc on level 10 of the Dungeon)
Jewellery
 E - an uncursed ring of fire
 G - an amulet of harm (around neck)
 J - an uncursed ring of protection from magic
 M - a ring of protection from fire (left hand)
 Q - an uncursed ring of flight
 Y - a +4 ring of intelligence (right hand)
Wands
 k - a wand of digging (11/24)
 A - a wand of slowing (21/48)
 T - a wand of disintegration (6/24)
Scrolls
 i - 7 scrolls of remove curse
 l - 3 scrolls of immolation
 r - 8 scrolls of teleportation
 D - 7 scrolls of amnesia
 H - a scroll of summoning
 W - 3 scrolls of blinking
 X - a scroll of fog
Potions
 h - a potion of ambrosia
 m - 2 potions of cure mutation
 o - 4 potions of brilliance
 t - 2 potions of lignification
 u - 14 potions of curing
 C - a potion of haste
 I - 2 potions of agility
 K - 2 potions of magic
 N - 6 potions of flight
 U - 4 potions of heal wounds
Books
 s - a book of Clouds

   Spells                             Type                      Level
   a - Mephitic Cloud                 Conjuration/Poison/Air       3
   b - Conjure Flame                  Conjuration/Fire             3
   c - Poisonous Cloud                Conjuration/Poison/Air       6
   d - Freezing Cloud                 Conjuration/Ice/Air          6
   e - Ring of Flames                 Charms/Fire                  7
 B - a book of Conjurations

   Spells                             Type                      Level
   a - Magic Dart                     Conjuration                  1
   b - Searing Ray                    Conjuration                  2
   c - Dazzling Spray                 Conjuration/Hexes            3
   d - Fulminant Prism                Conjuration/Hexes            4
   e - Iskenderun's Mystic Blast      Conjuration                  4
   f - Iskenderun's Battlesphere      Conjuration/Charms           5
 L - a book of the Sky

   Spells                             Type                      Level
   a - Summon Lightning Spire         Summoning/Air                4
   b - Airstrike                      Air                          4
   c - Silence                        Hexes/Air                    5
   d - Deflect Missiles               Charms/Air                   6
   e - Conjure Ball Lightning         Conjuration/Air              6
   f - Tornado                        Air                          9
Miscellaneous
 p - a sack of spiders
 R - a disc of storms
Comestibles
 f - 8 bread rations
 z - 7 meat rations
 F - 15 royal jellies
 S - 9 slices of pizza
 Z - 2 beef jerkies


   Skills:
 - Level 7.5 Fighting
   Level 1.2 Short Blades
 - Level 12.5 Dodging
 - Level 1.1 Stealth
 + Level 10.0 Shields
 - Level 11.8 Spellcasting
 - Level 8.4 Conjurations
 - Level 4.4 Charms
 - Level 6.0 Summonings
 - Level 9.4 Air Magic
 - Level 3.0 Evocations


You had 5 spell levels left.
You knew the following spells:

 Your Spells              Type           Power        Failure   Level  Hunger
a - Magic Dart            Conj           ####         1%          1    None
b - Iskenderun's Battles  Conj/Chrm      ######..     3%          5    ##.....
c - Iskenderun's Mystic   Conj           ######..     1%          4    None
d - Summon Lightning Spi  Summ/Air       #######.     1%          4    None
e - Force Lance           Conj/Tloc      #####...     2%          4    None
f - Conjure Ball Lightni  Conj/Air       #######...   5%          6    ####...
g - Apportation           Tloc           ###.......   8%          1    None
h - Fireball              Conj/Fire      #####.....   7%          5    ##.....


Dungeon Overview and Level Annotations

Branches:
Dungeon (13/15)            Temple (1/1) D:5            Lair (6/6) D:9
  Swamp (0/4) Lair:4       Spider (0/4) Lair:2        Slime (0/5) Lair:5
    Orc (2/2) D:10            Elf (0/3) Orc:2
 Vaults: D:13-14

Altars:
Ashenzari
Cheibriados
Dithmenos
Elyvilon
Fedhas
Gozag
Hepliaklqana
Kikubaaqudgha
Makhleb
Nemelex Xobeh
Okawaru
Qazlal
Ru
Sif Muna
Trog
Uskayaw
Vehumet
Xom
Yredelemnul
Zin
The Shining One
Jiyva

Shops:
D:12 ([%[*   Orc:1 }   Orc:2 **(=[

Annotations:
D:7 Pikel


Message History

Your ball lightning completely resists.
The blast of lightning engulfs the plant.
The plant is severely damaged.
The blast of lightning engulfs you! You resist.
* * * LOW HITPOINT WARNING * * *
The blast of lightning engulfs your ball lightning.
Your ball lightning completely resists.
The blast of lightning engulfs the plant.
The plant is heavily damaged.
Your ball lightning explodes!
The blast of lightning engulfs you! You resist.
* * * LOW HITPOINT WARNING * * *
The blast of lightning engulfs your ball lightning.
Your ball lightning completely resists.
The blast of lightning engulfs the plant.
The plant is almost destroyed.
The blast of lightning engulfs the plant.
You destroy the plant!
Your ball lightning explodes!
The blast of lightning engulfs you! You resist.
You die...

#.#.# #.F..lt....
#...####8##....P.
#..#.P...t####P.
........l##.#..
........ยง......
...............
#.####.....P... .
#....PFP..
#@...#####
#P....#
......#....
....#........
..........#..#..
.P...#P...#### .
#P..##PP... ###$
......#


You could see a komodo dragon, a blink frog, a crocodile and a friendly
lightning spire.

Vanquished Creatures
  Donald (Orc:2)
  An orc warlord (Orc:2)
  A ghoul (D:13)
  Snorg (Orc:1)
  An ettin (Orc:1)
  2 hydras
  4 orc high priests (Orc:2)
  A hill giant (D:12)
  5 orc knights
  2 orc sorcerers (Orc:2)
  2 centaur zombies
  A black mamba (Lair:4)
  3 spiny frogs
  3 komodo dragons
  A queen bee (Lair:4)
  A meliai (Lair:4)
  8 trolls
  The ghost of tv1990 the Bolt Thrower, an amateur FoAM of Okawaru (D:4)
  6 hippogriffs
  A two-headed ogre (D:12)
  A hornet (D:9)
  A meliai zombie (D:9)
  8 dream sheep
  7 blink frogs
  7 slime creatures (D:12)
  A wraith (D:12)
  21 yaks
  4 wyverns
  A human (D:10)
  A steam dragon (D:8)
  2 hungry ghosts
  Menkaure (D:6)
  9 wargs
  Edmund (D:6)
  6 water moccasins
  7 porcupines
  22 orc warriors
  4 slaves (D:7)
  A necrophage (D:8)
  2 centaurs (D:12)
  3 ice beasts
  8 wolves
  7 ogres
  13 crocodiles
  A big kobold (D:8)
  18 bullfrogs
  5 scorpions
  26 killer bees
  18 wights
  4 howler monkeys
  2 electric eels (Lair:4)
  10 crimson imps
  3 bullfrog zombies
  3 centaur skeletons
  12 orc priests
  6 hounds
  3 jellies
  Crazy Yiuf (D:3)
  2 gnolls
  21 orc wizards
  3 bullfrog skeletons
  Ijyb (D:4)
  An iguana (D:8)
  8 worker ants
  2 hound zombies
  2 hound skeletons
  9 adders
  2 shadow imps
  5 oozes
  An adder skeleton (D:5)
  A worm (D:3)
  A dart slug (D:1)
  4 leopard geckos
  66 orcs
  7 giant cockroaches
  11 goblins
  6 hobgoblins
  11 jackals
  6 quokkas
  A ball python (D:3)
  5 bats
  7 frilled lizards
  A jackal zombie (D:6)
  13 kobolds
  A quokka zombie (D:7)
  7 rats
  10 fungi
  10 plants
521 creatures vanquished.

Vanquished Creatures (collateral kills)
  Harold (Lair:4)
  A catoblepas (Lair:3)
  An orc high priest (Orc:2)
  Urug (Lair:3)
  Joseph (Lair:1)
  2 spiny frogs
  A centaur skeleton (D:12)
  2 komodo dragons (Lair:5)
  A jumping spider (Lair:2)
  A troll (D:12)
  2 meliai (Lair:4)
  2 hippogriffs
  A blink frog (Lair:2)
  A slime creature (D:12)
  3 dream sheep (Lair:4)
  2 yaks (Lair:1)
  2 water moccasins
  5 orc warriors
  An ogre (Orc:1)
  A bullfrog (Lair:3)
  2 killer bees
  3 wights (D:13)
  A bullfrog zombie (D:13)
  A crimson imp (D:6)
  4 orc priests
  6 orc wizards
  A worker ant (D:6)
  Robin (D:2)
  4 gnolls
  An adder (D:12)
  An ooze (Lair:5)
  13 orcs
  5 goblins (D:2)
  2 hobgoblins (D:2)
  A bat (D:2)
  A rat (D:2)
  3 fungi
82 creatures vanquished.

Vanquished Creatures (others)
  128 ball lightnings
  An orc priest (D:6)
  2 gnolls
  An adder (D:4)
  An orc (D:5)
  5 goblins
  A hobgoblin (D:3)
  2 kobolds
  7 fungi
  14 plants
162 creatures vanquished.

Grand Total: 765 creatures vanquished

Notes
Turn   | Place    | Note
-------+----------+-------------------------------------------
     0 | D:1      | Chiseanne the High Elf Artificer began the quest for the Orb.
     0 | D:1      | Reached XP level 1. HP: 13/13 MP: 4/4
   818 | D:1      | Reached XP level 2. HP: 16/18 MP: 5/5
  1552 | D:2      | Reached XP level 3. HP: 24/25 MP: 6/6
  1556 | D:2      | Found a shadowy altar of Dithmenos.
  1561 | D:2      | Reached skill level 3 in Dodging
  1605 | D:2      | Found an iron altar of Okawaru.
  1703 | D:2      | Reached XP level 4. HP: 22/31 MP: 7/7
  1856 | D:2      | Noticed Robin
  1896 | D:2      | Killed Robin
  2578 | D:2      | Reached skill level 4 in Dodging
  2837 | D:3      | Reached XP level 5. HP: 11/36 MP: 8/8
  3114 | D:3      | Learned a level 1 spell: Apportation
  3147 | D:3      | Found a runed door.
  3151 | D:3      | Noticed Crazy Yiuf
  3156 | D:3      | Killed Crazy Yiuf
  3766 | D:4      | Reached XP level 6. HP: 44/44 MP: 9/9
  3814 | D:4      | Reached skill level 5 in Dodging
  4065 | D:4      | Learned a level 4 spell: Iskenderun's Mystic Blast
  4165 | D:4      | Noticed Ijyb
  4185 | D:4      | Killed Ijyb
  4464 | D:4      | Noticed tv1990's ghost (amateur FoAM)
  4495 | D:5      | Entered Level 5 of the Dungeon
  4507 | D:5      | Reached skill level 1 in Spellcasting
  4664 | D:5      | Reached skill level 5 in Fighting
  4679 | D:5      | Reached XP level 7. HP: 49/50 MP: 11/11
  4829 | D:5      | Found a staircase to the Ecumenical Temple.
  4851 | Temple   | Entered the Ecumenical Temple
  5012 | Temple   | Became a worshipper of Vehumet
  5166 | D:4      | Killed tv1990's ghost
  5166 | D:4      | Reached skill level 6 in Dodging
  5624 | D:6      | Noticed Edmund
  5638 | D:6      | Reached XP level 8. HP: 55/57 MP: 13/15
  5658 | D:6      | Your ally died
  5658 | D:6      | Reached skill level 1 in Conjurations
  5990 | D:6      | Reached skill level 7 in Dodging
  6014 | D:6      | Found an ancient bone altar of Kikubaaqudgha.
  6014 | D:6      | Found a glowing silver altar of Zin.
  6229 | D:6      | Noticed Menkaure
  6262 | D:6      | Killed Menkaure
  6560 | D:6      | Reached * piety under Vehumet
  6560 | D:6      | Offered knowledge of Freeze by Vehumet.
  6590 | D:6      | Reached skill level 5 in Spellcasting
  6984 | D:7      | Noticed Pikel
  7224 | D:7      | Reached XP level 9. HP: 56/64 MP: 2/18
  7970 | D:7      | Reached skill level 8 in Dodging
  8685 | D:8      | Reached skill level 5 in Conjurations
  9344 | D:8      | Offered knowledge of Shock by Vehumet.
  9458 | D:8      | Learned a level 5 spell: Iskenderun's Battlesphere
  9557 | D:9      | Reached ** piety under Vehumet
  9561 | D:9      | Reached skill level 1 in Charms
  9709 | D:9      | Reached skill level 9 in Dodging
 10548 | D:9      | Reached XP level 10. HP: 71/71 MP: 4/22
 10726 | D:9      | Found a staircase to the Lair.
 11207 | D:10     | Entered Level 10 of the Dungeon
 11566 | D:10     | Learned a level 4 spell: Summon Lightning Spire
 11594 | D:10     | Offered knowledge of Throw Frost by Vehumet.
 12115 | D:10     | Reached *** piety under Vehumet
 12248 | D:10     | Reached skill level 1 in Air Magic
 12259 | D:10     | Reached skill level 1 in Summonings
 12369 | D:10     | Offered knowledge of Force Lance by Vehumet.
 12375 | D:10     | Learned a level 4 spell: Force Lance
 12645 | D:10     | Identified a +2 rod of clouds (9/9) (You took it off an orc on level 10 of the Dungeon)
 12648 | D:10     | Learned a level 1 spell: Magic Dart
 12648 | D:10     | Found a staircase to the Orcish Mines.
 12666 | D:10     | Reached skill level 10 in Dodging
 13252 | D:11     | Reached **** piety under Vehumet
 13390 | D:11     | Reached XP level 11. HP: 75/75 MP: 5/25
 13651 | D:11     | Offered knowledge of Static Discharge by Vehumet.
 14511 | D:11     | Learned a level 6 spell: Conjure Ball Lightning
 14512 | D:12     | Found a deep blue altar of Sif Muna.
 14674 | D:12     | Reached skill level 5 in Air Magic
 14855 | D:12     | Found Lebatovo's Antique Weapon Boutique.
 14856 | D:12     | Noticed a hill giant
 14863 | D:12     | Killed a hill giant
 14878 | D:12     | Bought a scorched hunting sling for 175 gold pieces
 15173 | D:12     | Identified the cursed +2 hunting sling "Cyffyp" {velocity, rElec rPois SInv} (You bought it in a shop on level 12 of the Dungeon)
 15292 | D:12     | Reached skill level 11 in Dodging
 15426 | D:12     | Found Vuhuniro's Food Shop.
 15493 | D:12     | Found Rinya's Antique Armour Shop.
 15502 | D:12     | Bought a steaming cloak for 275 gold pieces
 15512 | D:12     | Identified the +2 cloak of Gluttony {MR+ Int+4 SInv} (You bought it in a shop on level 12 of the Dungeon)
 15515 | D:12     | Bought a pair of boots for 130 gold pieces
 15622 | D:12     | Found Xehufij's Assorted Antiques.
 15632 | D:12     | Bought a scroll labeled UTTAGGYNOM for 23 gold pieces
 15632 | D:12     | Bought a scroll labeled QUOMOCYCZA for 23 gold pieces
 15656 | D:12     | Found Mearoni's Armour Shop.
 15774 | D:12     | Reached ***** piety under Vehumet
 15774 | D:12     | Offered knowledge of Olgreb's Toxic Radiance by Vehumet.
 15774 | D:12     | Reached skill level 10 in Spellcasting
 16105 | D:13     | Noticed a ghoul
 16123 | D:13     | Killed a ghoul
 16298 | D:12     | Bought a +0 helmet of intelligence for 138 gold pieces
 16373 | Orc:1    | Entered Level 1 of the Orcish Mines
 16373 | Orc:1    | Noticed Snorg
 16377 | Orc:1    | Killed Snorg
 16377 | Orc:1    | Reached skill level 5 in Summonings
 16767 | Orc:1    | Noticed an orc knight
 16788 | Orc:1    | Killed an orc knight
 16788 | Orc:1    | Reached XP level 12. HP: 81/81 MP: 4/27
 16935 | Orc:1    | Noticed an ettin
 16939 | Orc:1    | Killed an ettin
 17056 | Orc:2    | Entered Level 2 of the Orcish Mines
 17144 | Orc:2    | Noticed an orc high priest
 17147 | Orc:2    | Noticed an orc high priest
 17148 | Orc:2    | Killed an orc high priest
 17186 | Orc:1    | Found Ugrag's Gadget Boutique.
 17246 | Orc:2    | Killed an orc high priest
 17445 | Orc:2    | Found Siutaw's Antique Armour Emporium.
 17461 | Orc:2    | Bought a fine helmet for 323 gold pieces
 17503 | Orc:2    | Identified the +0 helmet of Ylaoryc {rPois} (You bought it in a shop on level 2 of the Orcish Mines)
 17522 | Orc:2    | Found Ditulig's Antique Weapon Shop.
 17526 | Orc:2    | Noticed an orc high priest
 17533 | Orc:2    | Killed an orc high priest
 17537 | Orc:2    | Noticed an orc high priest
 17666 | Orc:2    | Killed an orc high priest
 17666 | Orc:2    | Reached skill level 12 in Dodging
 17673 | Orc:2    | Offered knowledge of Irradiate by Vehumet.
 17687 | Orc:2    | Noticed Donald
 17695 | Orc:2    | Killed Donald
 17713 | Orc:2    | Noticed an orc warlord
 17721 | Orc:2    | Killed an orc warlord
 17881 | Orc:2    | Noticed an orc high priest
 17889 | Orc:2    | Killed an orc high priest
 18213 | Orc:2    | Found a staircase to the Elven Halls.
 18234 | Orc:2    | Reached skill level 1 in Shields
 18264 | Orc:2    | Found Hiruekk's General Store.
 18346 | Orc:2    | Bought a scroll of teleportation for 54 gold pieces
 18346 | Orc:2    | Bought a +2 pair of boots of flying for 387 gold pieces
 18346 | Orc:2    | Bought a scroll of teleportation for 54 gold pieces
 18419 | Orc:2    | Found Wil Keczawu's Assorted Antiques.
 18428 | Orc:2    | Bought a pink potion for 31 gold pieces
 18453 | Orc:1    | Found a burning altar of Makhleb.
 18935 | Orc:2    | Found Dauduasy's Jewellery Emporium.
 18943 | Orc:2    | Bought a cursed -3 ring of protection for 30 gold pieces
 19097 | Lair:1   | Entered Level 1 of the Lair of Beasts
 19097 | Lair:1   | Noticed an eight-headed hydra
 19100 | Lair:1   | Killed an eight-headed hydra
 19100 | Lair:1   | Reached XP level 13. HP: 86/86 MP: 16/29
 19179 | Lair:1   | Noticed Joseph
 19187 | Lair:1   | Killed Joseph
 19187 | Lair:1   | Offered knowledge of Poisonous Cloud by Vehumet.
 20182 | Lair:2   | Reached skill level 5 in Shields
 20238 | Lair:2   | Found a hole to the Spider Nest.
 21279 | Lair:3   | Noticed Urug
 21287 | Lair:3   | Killed Urug
 21487 | Lair:3   | Identified 3 scrolls of acquirement
 21488 | Lair:3   | Got an ichor-stained buckler
 21489 | Lair:3   | Identified the -2 buckler "Noc Zunk" {*Drain rF+ rCorr} (You acquired it on level 3 of the Lair of Beasts)
 21495 | Lair:3   | Got a crude buckler
 21496 | Lair:3   | Identified the +3 buckler of Thank Me Later {rF+ Slay+2} (You acquired it on level 3 of the Lair of Beasts)
 22272 | Lair:4   | Offered knowledge of Fireball by Vehumet.
 22279 | Lair:4   | Learned a level 5 spell: Fireball
 23647 | Lair:4   | Found a staircase to the Swamp.
 23709 | Lair:4   | Noticed Harold
 23723 | Lair:4   | Killed Harold
 24394 | Lair:5   | Found a runed door.
 24396 | Lair:5   | Found a viscous altar of Jiyva.
 24397 | Lair:5   | Found a staircase to the Slime Pits.
 24708 | Lair:6   | Entered Level 6 of the Lair of Beasts
 24714 | Lair:6   | Reached skill level 10 in Shields
 24740 | Lair:6   | HP: 1/86 [ball lightning[the player character] (7)]
 24740 | Lair:6   | Killed by an exploding ball lightning

Skill      XL: |  1  2  3  4  5  6  7  8  9 10 11 12 13 |
---------------+----------------------------------------+-----
Fighting       | 2 3 4 5 6 7 |  7.5
Dodging        | 3 4 5 6 7 9 10 11 12 | 12.5
Spellcasting   | 2 4 5 7 9 10 11 | 11.8
Conjurations   | 4 6 7 8 |  8.4
Charms         | 2 4 |  4.4
Air Magic      | 3 6 9 |  9.4
Summonings     | 2 5 6 |  6.0
Shields        | 2 10 | 10.0
Short Blades   | |  1.2
Stealth        | |  1.1
Evocations     | |  3.0

Action                   |  1- 3 |  4- 6 |  7- 9 | 10-12 | 13-15 || total
-------------------------+-------+-------+-------+-------+-------++-------
Melee: Short sword       |    86 |    99 |       |       |       ||   185
       Quarterstaff      |       |    66 |    37 |       |       ||   103
       Hand axe          |       |       |   154 |    29 |       ||   183
 Fire: Hunting sling     |       |     7 |     6 |       |       ||    13
       Blowgun           |       |       |       |     3 |       ||     3
 Cast: Iskenderun's Myst |       |       |    70 |   125 |     8 ||   203
       Magic Dart        |       |       |       |   213 |    88 ||   301
       Iskenderun's Batt |       |       |       |    70 |    31 ||   101
       Summon Lightning  |       |       |       |    38 |    26 ||    64
       Conjure Ball Ligh |       |       |       |    18 |    45 ||    63
       Force Lance       |       |       |       |       |     1 ||     1
Evoke: Wand              |    10 |    36 |    23 |    19 |     2 ||    90
       Rod               |       |       |       |     2 |       ||     2
  Use: Scroll            |       |    13 |     6 |     9 |    11 ||    39
       Potion            |       |     2 |     1 |     6 |       ||     9
 Stab: Sleeping          |     2 |     3 |     2 |       |       ||     7
       Paralysed         |       |     3 |     2 |       |       ||     5
       Invisible         |       |       |       |     3 |       ||     3
  Eat: Chunk             |     2 |    10 |    21 |    37 |    25 ||    95
       Bread ration      |       |       |     1 |     1 |       ||     2
       Beef jerky        |       |       |     1 |     2 |       ||     3
       Pizza             |       |       |       |     1 |       ||     1
Armor: Leather armour    |    23 |    41 |    44 |       |       ||   108
       Steam dragon scal |       |       |    20 |     9 |       ||    29
       Troll leather arm |       |       |       |     5 |       ||     5
       Robe              |       |       |       |     2 |     5 ||     7
Dodge: Dodged            |    65 |   140 |   185 |   131 |    30 ||   551
Block: Buckler           |       |       |       |       |    11 ||    11
       Shield            |       |       |       |       |     2 ||     2
